PAAA
BLOOMINGTON LONGNECKS @ NAPERVILLE BATTLEKINGS
08/05/2021
 
TOP OF THE 1ST
Bloomington Longnecks batting - Pitching for Naperville Battlekings : RHP Jim Unknown
Pitching: RHP Jim Unknown
Batting: LHB John Doyle 0-0: Called Strike
0-1: Called Strike
0-2: Ball
1-2: Ball
2-2: Strikes out swinging
Batting: RHB Mike Neal 0-0: Called Strike
0-1: Ball
1-1: Foul Ball, location: 2F
1-2: Ball
2-2: Ground out 6-3 (Groundball, 6)
Batting: RHB Tom Potts 0-0: Ball
1-0: Foul Ball, location: 2F
1-1: SINGLE (Flyball, 7S)
Batting: RHB Darrell Terwey 0-0: Ball
1-0: Ball
2-0: DOUBLE (Line Drive, 7LM)
Tom Potts to third
Batting: RHB Kyle Bridges 0-0: Ball
1-0: Foul Ball, location: 2F
1-1: Ball
2-1: Foul Ball, location: 2F
2-2: Ball
3-2: Foul Ball, location: 2F
3-2: Base on Balls
Batting: RHB Michael Hicks 0-0: Called Strike
0-1: Ground out 4-3 (Groundball, 34)
Top of the 1st over - 0 run(s), 2 hit(s), 0 error(s), 3 left on base; Bloomington 0 - Naperville 0
BOTTOM OF THE 1ST
Naperville Battlekings batting - Pitching for Bloomington Longnecks : LHP Matthew Watts
Pitching: LHP Matthew Watts
Batting: RHB Oliver Aranda 0-0: Called Strike
0-1: Ball
1-1: Ball
2-1: Foul Ball, location: 2F
2-2: Ball
3-2: SOLO HOME RUN (Flyball, 78XD), Distance : 395 ft
Batting: RHB Tim Little 0-0: Ball
1-0: Called Strike
1-1: Ball
2-1: Ball
3-1: Fly out, F7 (Flyball, 7LM)
Batting: LHB Cristo Ramírez 0-0: Ball
1-0: Ball
2-0: Foul Ball, location: 2F
2-1: Swinging Strike
2-2: Strikes out swinging
Batting: RHB Joe Ferneyhough 0-0: Ball
1-0: Swinging Strike
1-1: Ground out 4-3 (Groundball, 4)
Bottom of the 1st over - 1 run(s), 1 hit(s), 0 error(s), 0 left on base; Bloomington 0 - Naperville 1
TOP OF THE 2ND
Bloomington Longnecks batting - Pitching for Naperville Battlekings : RHP Jim Unknown
Batting: RHB Noel Livingston 0-0: Ball
1-0: Called Strike
1-1: Called Strike
1-2: Foul Ball, location: 2F
1-2: Strikes out looking
Batting: RHB Lawrence Olsen 0-0: Ball
1-0: Ground out 6-3 (Groundball, 6)
Batting: SHB Jack Bell 0-0: Ball
1-0: Called Strike
1-1: Foul Ball, location: 2F
1-2: Foul Ball, location: 2F
1-2: Ball
2-2: Fly out, F5 (Line Drive, 5)
Top of the 2nd over - 0 run(s), 0 hit(s), 0 error(s), 0 left on base; Bloomington 0 - Naperville 1
BOTTOM OF THE 2ND
Naperville Battlekings batting - Pitching for Bloomington Longnecks : LHP Matthew Watts
Batting: LHB Eddie Flynn 0-0: Ball
1-0: Called Strike
1-1: SINGLE (Groundball, 34D)
Batting: RHB Tony Sánchez 0-0: Ball
1-0: Ball
2-0: Called Strike
2-1: Foul Ball, location: 2F
2-2: Ball
3-2: 2-RUN HOME RUN (Flyball, 78XD), Distance : 416 ft
Batting: SHB Avery Little 0-0: Called Strike
0-1: Ball
1-1: Ball
2-1: SINGLE (Flyball, 6MD)
Batting: LHB Vicente Martínez 0-0: Swinging Strike
0-1: Swinging Strike
0-2: Ball
1-2: Ball
2-2: Strikes out swinging
Batting: RHB Sal Haynes 0-0: Ball
1-0: Called Strike
1-1: Foul Ball, location: 2F
1-2: SINGLE (Line Drive, 6M)
Avery Little to second
Batting: RHB Oliver Aranda 0-0: SINGLE (Flyball, 34D)
Avery Little to third
Sal Haynes to second
Runner from 3rd tries for Home, SAFE, throw made home
Sal Haynes to third
Oliver Aranda to second
Batting: RHB Tim Little 0-0: Ball
1-0: SINGLE (Groundball, 56)
Sal Haynes scores
Oliver Aranda to third
Runner from 3rd tries for Home, throw and OUT!
Batting: LHB Cristo Ramírez 0-0: Ball
1-0: Called Strike
1-1: Fielders Choice at 2nd, U6 (Groundball, 6M)
Bottom of the 2nd over - 4 run(s), 6 hit(s), 0 error(s), 1 left on base; Bloomington 0 - Naperville 5
TOP OF THE 3RD
Bloomington Longnecks batting - Pitching for Naperville Battlekings : RHP Jim Unknown
Batting: LHB John Doyle 0-0: Ball
1-0: Ground out 4-3 (Groundball, 34)
Batting: RHB Mike Neal 0-0: Swinging Strike
0-1: Called Strike
0-2: Foul Ball, location: 2F
0-2: Fly out, F7 (Flyball, 7D)
Batting: RHB Tom Potts 0-0: Called Strike
0-1: Swinging Strike
0-2: Fly out, F9 (Flyball, 89M)
Top of the 3rd over - 0 run(s), 0 hit(s), 0 error(s), 0 left on base; Bloomington 0 - Naperville 5
BOTTOM OF THE 3RD
Naperville Battlekings batting - Pitching for Bloomington Longnecks : LHP Matthew Watts
Batting: RHB Joe Ferneyhough 0-0: Ball
1-0: Ball
2-0: Called Strike
2-1: Ball
3-1: Base on Balls
Batting: LHB Eddie Flynn 0-0: Called Strike
0-1: DOUBLE (Groundball, 3L)
Joe Ferneyhough to third
Runner from 3rd tries for Home, SAFE, no throw or cutoff
Batting: RHB Tony Sánchez 0-0: Ball
1-0: Foul Ball, location: 2F
1-1: Foul Ball, location: 2F
1-2: Ball
2-2: Ground out 1-3 (Groundball, 13)
Eddie Flynn to third
Batting: SHB Avery Little 0-0: Ball
1-0: Swinging Strike
1-1: Swinging Strike
1-2: Ball
2-2: Ball
3-2: Base on Balls
Batting: LHB Vicente Martínez 0-0: Fly out, F7 (Flyball, 78S)
Batting: RHB Sal Haynes 0-0: Foul Ball, location: 2F
0-1: Swinging Strike
0-2: Foul Ball, location: 2F
0-2: Ball
1-2: Ball
2-2: SINGLE (Line Drive, 34)
Eddie Flynn scores
Avery Little to second
Runner from 2nd tries for 3rd, SAFE, throw made to third
Pitching: RHP Santiago Hernández
Batting: RHB Oliver Aranda 0-0: Ball
1-0: Ball
2-0: Swinging Strike
2-1: Foul Ball, location: 2F
2-2: Foul Ball, location: 2F
2-2: Foul Ball, location: 2F
2-2: Fly out, F8 (Flyball, 78M)
Bottom of the 3rd over - 2 run(s), 2 hit(s), 0 error(s), 2 left on base; Bloomington 0 - Naperville 7
TOP OF THE 4TH
Bloomington Longnecks batting - Pitching for Naperville Battlekings : RHP Jim Unknown
Batting: RHB Darrell Terwey 0-0: Ball
Error on foul ball, E3
1-1: SINGLE (Flyball, 78S)
Batting: RHB Kyle Bridges 0-0: Called Strike
0-1: Ball
1-1: SINGLE (Line Drive, 78M)
Darrell Terwey to second
Batting: RHB Michael Hicks 0-0: Called Strike
0-1: Foul Ball, location: 2F
0-2: SINGLE (Groundball, 6MD)
Darrell Terwey to third
Kyle Bridges to second
Batting: RHB Noel Livingston 0-0: Ball
1-0: Called Strike
1-1: Called Strike
1-2: Ball
2-2: DOUBLE (Line Drive, 89D)
Darrell Terwey scores
Kyle Bridges scores
Michael Hicks to third
Batting: RHB Lawrence Olsen 0-0: Ball
1-0: Ball
2-0: Ground out 5-3 (Groundball, 5)
Batting: SHB Jack Bell 0-0: Ball
1-0: Foul Ball, location: 2F
1-1: Foul Ball, location: 2F
1-2: Ball
2-2: SINGLE (Line Drive, 9LS)
Michael Hicks scores
Noel Livingston to third
Batting: LHB John Doyle 0-0: Called Strike
0-1: Ball
1-1: SINGLE (Groundball, 5D)
Noel Livingston scores
Jack Bell to second
Batting: RHB Mike Neal 0-0: Ball
1-0: Called Strike
1-1: Ball
2-1: Foul Ball, location: 2F
2-2: Grounds into double play, 6-4-3 (Groundball, 6)
Top of the 4th over - 4 run(s), 6 hit(s), 1 error(s), 1 left on base; Bloomington 4 - Naperville 7
BOTTOM OF THE 4TH
Naperville Battlekings batting - Pitching for Bloomington Longnecks : RHP Santiago Hernández
Batting: RHB Tim Little 0-0: Called Strike
0-1: Ball
1-1: Foul Ball, location: 2F
1-2: Strikes out swinging
Batting: LHB Cristo Ramírez 0-0: Ball
1-0: Ball
2-0: Swinging Strike
2-1: Called Strike
2-2: Foul Ball, location: 2F
2-2: Ball
3-2: Fly out, F9 (Flyball, 9M)
Batting: RHB Joe Ferneyhough 0-0: Called Strike
0-1: Swinging Strike
0-2: Fly out, F6 (Popup, 6)
Bottom of the 4th over - 0 run(s), 0 hit(s), 0 error(s), 0 left on base; Bloomington 4 - Naperville 7
TOP OF THE 5TH
Bloomington Longnecks batting - Pitching for Naperville Battlekings : RHP Jim Unknown
Batting: RHB Tom Potts 0-0: Ground out 4-3 (Groundball, 4M)
Batting: RHB Darrell Terwey 0-0: SINGLE (Groundball, 34D) (infield hit)
Batting: RHB Kyle Bridges 0-0: 2-RUN HOME RUN (Flyball, 8LD), Distance : 433 ft
Batting: RHB Michael Hicks 0-0: Called Strike
0-1: Called Strike
0-2: Ball
1-2: Foul Ball, location: 2F
1-2: Foul Ball, location: 2F
1-2: Foul Ball, location: 2F
1-2: Ball
2-2: Foul Ball, location: 2F
2-2: Ball
3-2: Ground out 5-3 (Groundball, 56)
Batting: RHB Noel Livingston 0-0: Reached on error, E6 (Groundball, 6)
Batting: RHB Lawrence Olsen 0-0: Swinging Strike
0-1: Ball
1-1: Called Strike
1-2: Strikes out swinging
Top of the 5th over - 2 run(s), 2 hit(s), 1 error(s), 1 left on base; Bloomington 6 - Naperville 7
BOTTOM OF THE 5TH
Naperville Battlekings batting - Pitching for Bloomington Longnecks : RHP Santiago Hernández
Batting: LHB Eddie Flynn 0-0: Ball
1-0: Called Strike
1-1: Fly out, F8 (Flyball, 78M)
Batting: RHB Tony Sánchez 0-0: DOUBLE (Groundball, 5L)
Batting: SHB Avery Little 0-0: SINGLE (Line Drive, 6M)
Tony Sánchez to third
Runner from 3rd tries for Home, SAFE, throw made home
Batting: LHB Vicente Martínez 0-0: Ball
1-0: Ball
2-0: Foul Ball, location: 2F
2-1: Foul Ball, location: 2F
2-2: Strikes out looking
Batting: RHB Sal Haynes 0-0: Swinging Strike
0-1: Ball
1-1: Ball
2-1: Ball
3-1: Ground out 5-3 (Groundball, 5S)
Bottom of the 5th over - 1 run(s), 2 hit(s), 0 error(s), 1 left on base; Bloomington 6 - Naperville 8
TOP OF THE 6TH
Bloomington Longnecks batting - Pitching for Naperville Battlekings : RHP Jim Unknown
Batting: SHB Jack Bell 0-0: Called Strike
0-1: SOLO HOME RUN (Flyball, 9D), Distance : 378 ft
Pitching: RHP William Taylor
Batting: LHB John Doyle 0-0: Foul Ball, location: 2F
0-1: Ball
1-1: Foul Ball, location: 2F
1-2: Ball
2-2: Ball
3-2: SINGLE (Flyball, 8RS)
Batting: RHB Mike Neal 0-0: Called Strike
0-1: SINGLE (Line Drive, 8LS)
John Doyle to second
Runner from 2nd tries for 3rd, SAFE, no throw or cutoff
Batting: RHB Tom Potts 0-0: Foul Ball, location: 2F
0-1: Ball
1-1: Fly out, F5 (Line Drive, 5)
Batting: RHB Darrell Terwey 0-0: Ball
1-0: Called Strike
1-1: Swinging Strike
1-2: Foul Ball, location: 2F
1-2: Ball
2-2: Strikes out swinging
Batting: RHB Kyle Bridges 0-0: Ball
1-0: SINGLE (Line Drive, 56)
John Doyle scores
Mike Neal to second
Batting: RHB Michael Hicks 0-0: Ball
1-0: Ball
2-0: Ball
3-0: Called Strike
3-1: SINGLE (Line Drive, 7LM)
Mike Neal to third
Kyle Bridges to second
Runner from 3rd tries for Home, SAFE, throw made home
Batting: RHB Noel Livingston 0-0: Called Strike
0-1: Ball
1-1: SINGLE (Groundball, 56D)
Kyle Bridges to third
Michael Hicks to second
Runner from 3rd tries for Home, SAFE, no throw or cutoff
Pitching: RHP Carl O'Malloy
Batting: RHB Lawrence Olsen 0-0: Foul Ball, location: 2F
0-1: Ball
1-1: Ground out 4-3 (Groundball, 4)
Top of the 6th over - 4 run(s), 6 hit(s), 0 error(s), 2 left on base; Bloomington 10 - Naperville 8
BOTTOM OF THE 6TH
Naperville Battlekings batting - Pitching for Bloomington Longnecks : RHP Santiago Hernández
Batting: RHB Oliver Aranda 0-0: Ball
1-0: Ball
2-0: Fly out, F8 (Flyball, 8RM)
Batting: RHB Tim Little 0-0: Called Strike
0-1: Ball
1-1: Ground out 6-3 (Groundball, 6)
Batting: LHB Cristo Ramírez 0-0: Ball
1-0: Called Strike
1-1: Ball
2-1: Ball
3-1: Base on Balls
Batting: RHB Joe Ferneyhough 0-0: SINGLE (Groundball, 56D)
Cristo Ramírez to second
Batting: LHB Eddie Flynn 0-0: Ground out U3 (Groundball, 3S)
Bottom of the 6th over - 0 run(s), 1 hit(s), 0 error(s), 2 left on base; Bloomington 10 - Naperville 8
TOP OF THE 7TH
Bloomington Longnecks batting - Pitching for Naperville Battlekings : RHP Carl O'Malloy
Batting: SHB Jack Bell 0-0: Called Strike
0-1: Ball
1-1: Ball
2-1: DOUBLE (Line Drive, 9LM)
Batting: LHB John Doyle 0-0: Ball
1-0: SINGLE (Line Drive, 8LS)
Jack Bell to third
Batting: RHB Mike Neal 0-0: Ball
1-0: Called Strike
1-1: Reached on error, E5 (Groundball, 5)
Jack Bell scores
John Doyle to second
Batting: RHB Tom Potts 0-0: Ball
1-0: Foul Ball, location: 2F
1-1: SINGLE (Groundball, 6M)
John Doyle to third
Mike Neal to second
Runner from 3rd tries for Home, SAFE, no throw or cutoff
Batting: RHB Darrell Terwey 0-0: Fly out, F9 (Line Drive, 9D)
Runner from 2nd tags up, SAFE at 3rd, no throw
Batting: RHB Kyle Bridges 0-0: Foul Ball, location: 2F
0-1: Grounds into double play, U4-3 (Groundball, 4)
Top of the 7th over - 2 run(s), 3 hit(s), 1 error(s), 1 left on base; Bloomington 12 - Naperville 8
BOTTOM OF THE 7TH
Naperville Battlekings batting - Pitching for Bloomington Longnecks : RHP Santiago Hernández
Batting: RHB Tony Sánchez 0-0: Ball
1-0: Ball
2-0: Ground out 6-3 (Groundball, 6)
Batting: SHB Avery Little 0-0: Called Strike
0-1: Foul Ball, location: 2F
0-2: Ground out 6-3 (Groundball, 6)
Pitching: RHP Sam Green
Batting: LHB Vicente Martínez 0-0: SINGLE (Line Drive, 56D)
Batting: RHB Sal Haynes 0-0: Fielders Choice at 2nd, 5-4 (Groundball, 5)
Bottom of the 7th over - 0 run(s), 1 hit(s), 0 error(s), 0 left on base; Bloomington 12 - Naperville 8
TOP OF THE 8TH
Bloomington Longnecks batting - Pitching for Naperville Battlekings : RHP Carl O'Malloy
Batting: RHB Michael Hicks 0-0: Called Strike
0-1: Ball
1-1: Foul Ball, location: 2F
1-2: DOUBLE (Groundball, 5L)
Batting: RHB Noel Livingston 0-0: Called Strike
0-1: Ground out 1-3 (Groundball, 15S)
Batting: RHB Lawrence Olsen 0-0: Intentional Walk
Batting: SHB Jack Bell 0-0: Ball
1-0: Swinging Strike
1-1: Called Strike
1-2: Foul Ball, location: 2F
1-2: Strikes out swinging
Batting: LHB John Doyle 0-0: Ball
1-0: Ball
2-0: SINGLE (Line Drive, 6D)
Michael Hicks to third
Lawrence Olsen to second
Runner from 3rd tries for Home, SAFE, no throw or cutoff
Pitching: RHP Culley Adjeng
Batting: RHB Mike Neal 0-0: Ball
1-0: Foul Ball, location: 2F
1-1: Fielders Choice at 2nd, U6 (Groundball, 6M)
Top of the 8th over - 1 run(s), 2 hit(s), 0 error(s), 2 left on base; Bloomington 13 - Naperville 8
BOTTOM OF THE 8TH
Naperville Battlekings batting - Pitching for Bloomington Longnecks : RHP Sam Green
Now in RF: Carl Pierce
Batting: RHB Oliver Aranda 0-0: Called Strike
0-1: Ball
1-1: Ball
2-1: SINGLE (Line Drive, 34)
Batting: RHB Tim Little 0-0: Foul Ball, location: 2F
0-1: Fly out, F4 (Popup, 34)
Batting: LHB Cristo Ramírez 0-0: Called Strike
0-1: Ball
Wild Pitch!
Oliver Aranda to second
1-1: Ball
2-1: Fly out, F5 (Popup, 2R)
Batting: RHB Joe Ferneyhough 0-0: Foul Ball, location: 2F
0-1: Ball
1-1: Called Strike
1-2: Ball
2-2: Ball
3-2: Foul Ball, location: 2F
3-2: Foul Ball, location: 2F
3-2: SINGLE (Line Drive, 7S)
Oliver Aranda to third
Oliver Aranda scores
Batting: LHB Eddie Flynn 0-0: Called Strike
Error on foul ball, E2
0-2: Foul Ball, location: 2F
0-2: Foul Ball, location: 2F
0-2: Ball
1-2: Ground out 3-1 (Groundball, 34)
Bottom of the 8th over - 1 run(s), 2 hit(s), 1 error(s), 1 left on base; Bloomington 13 - Naperville 9
TOP OF THE 9TH
Bloomington Longnecks batting - Pitching for Naperville Battlekings : RHP Culley Adjeng
Pitching: RHP Guillermo García
Batting: RHB Tom Potts 0-0: Called Strike
0-1: Ground out 5-3 (Groundball, 15S)
Batting: RHB Darrell Terwey 0-0: SINGLE (Flyball, 8LS)
Batting: RHB Kyle Bridges 0-0: Called Strike
0-1: Foul Ball, location: 2F
0-2: Ball
1-2: Ball
2-2: Ball
3-2: Foul Ball, location: 2F
3-2: Foul Ball, location: 2F
3-2: Foul Ball, location: 2F
3-2: SINGLE (Line Drive, 6D)
Darrell Terwey to second
Batting: RHB Michael Hicks 0-0: Ball
1-0: Ball
2-0: Ball
3-0: Called Strike
3-1: SINGLE (Groundball, 5D)
Darrell Terwey to third
Kyle Bridges to second
Runner from 3rd tries for Home, SAFE, no throw or cutoff
Batting: RHB Noel Livingston 0-0: Grounds into double play, 6-4-3 (Groundball, 6M)
Top of the 9th over - 1 run(s), 3 hit(s), 0 error(s), 1 left on base; Bloomington 14 - Naperville 9
BOTTOM OF THE 9TH
Naperville Battlekings batting - Pitching for Bloomington Longnecks : RHP Sam Green
Pitching: RHP John Woods
Now at C: Randy Galloway
Batting: RHB Tony Sánchez 0-0: Ball
1-0: Called Strike
1-1: SINGLE (Groundball, 6M)
Batting: SHB Avery Little 0-0: Ball
1-0: Called Strike
1-1: Ball
2-1: Foul Ball, location: 2F
2-2: SINGLE (Groundball, 34D)
Tony Sánchez to second
Runner from 2nd tries for 3rd, SAFE, throw made to third
Batting: LHB Vicente Martínez 0-0: Called Strike
0-1: Foul Ball, location: 2F
0-2: Ball
1-2: Fly out, F8 (Line Drive, 8RM)
Runner from 3rd tags up, SCORES, throw made
Batting: RHB Sal Haynes 0-0: SINGLE (Line Drive, 6MD)
Avery Little to second
Batting: RHB Oliver Aranda 0-0: Ball
1-0: Ball
2-0: SINGLE (Groundball, 23) (infield hit)
Avery Little to third
Sal Haynes to second
Pinch Hitting: LHB Jim Unknown 0-0: Ball
1-0: Ball
2-0: Ball
3-0: Called Strike
3-1: Ground out 5-3 (Groundball, 56S)
Avery Little scores
Sal Haynes to third
Oliver Aranda to second
Batting: LHB Cristo Ramírez 0-0: Swinging Strike
0-1: Called Strike
0-2: Strikes out swinging
Bottom of the 9th over - 2 run(s), 4 hit(s), 0 error(s), 2 left on base; Bloomington 14 - Naperville 11
This league is powered by Out of the Park Baseball, the baseball management simulation game for PC, Mac and Linux
Friday, January 22nd, 2016 - OOTP Baseball 16.9 Build 39